 Dungeon Crawl Stone Soup version 0.25-a0-246-g58704a1ebd (webtiles) character file.

Game seed: 10184769198372877355, levelgen mode: classic

234 Borgoz the Skirmisher (level 6, -1/38 HPs)
             Began as a Kobold Fighter on Dec 4, 2019.
             Succumbed to a killer bee's poison
             ... on level 4 of the Dungeon.
             The game lasted 00:04:07 (2952 turns).

Borgoz the Skirmisher (Kobold Fighter)              Turns: 2952, Time: 00:04:08

Health: -1/38      AC:  8    Str: 20    XL:     6   Next: 26%
Magic:  6/6        EV:  9    Int: 10    God:
Gold:   156        SH: 10    Dex: 14    Spells: 5/5 levels left

rFire    . . .     SeeInvis .   o - +1 dagger (venom)
rCold    . . .     Gourm    .   c - +0 shield
rNeg     . . .     Faith    .   b - +1 scale mail
rPois    .         Spirit   .   (no helmet)
rElec    .         Reflect  .   (no cloak)
rCorr    .         Harm     .   (no gloves)
MR       .....                  (no boots)
Stlth    ..........             (no amulet)
HPRegen  0.12/turn              (no ring)
MPRegen  0.10/turn              (no ring)

@: mighty, lethally poisoned (-1 -> -25)
A: small, carnivore
a: no special abilities


You were on level 4 of the Dungeon.
You were completely stuffed.

You visited 1 branch of the dungeon, and saw 4 of its levels.

You collected 156 gold pieces.

Inventory:

Hand Weapons
 a - a +0 rapier
 o - a +1 dagger of venom (weapon)
Armour
 b - a +1 scale mail (worn)
 c - a +0 shield (worn)
Jewellery
 k - an uncursed ring of magical power
Wands
 v - a wand of acid (7)
Scrolls
 e - 2 scrolls of enchant weapon
 m - a scroll of remove curse
 q - a scroll of teleportation
Potions
 g - 2 potions of magic
 n - 2 potions of mutation {unknown}
 p - 2 potions of haste {unknown}
 s - 2 potions of invisibility {unknown}
 x - a potion of agility
 z - a potion of flight
Comestibles
 f - 5 rations
 h - 3 chunks of flesh


   Skills:
 + Level 4.1 Fighting
 + Level 4.1 Short Blades
 * Level 3.7 Armour
 * Level 3.6 Shields


You had 5 spell levels left.
You didn't know any spells.
Your spell library was empty.

Dungeon Overview and Level Annotations

Branches:
Dungeon (4/15)
 Temple: D:4-7

Altars:
Ru


Innate Abilities, Weirdness & Mutations

You are small and have problems with some larger weapons.
You are carnivorous and can eat meat at any time.


Message History

You feel sick. The killer bee stings you.
* * * LOW HITPOINT WARNING * * *
You are more poisoned.
The killer bee poisons you! The killer bee barely misses you.
* * * LOW HITPOINT WARNING * * *
You feel sick.
You kill the killer bee!
Your life force feels restored.
The killer bee barely misses you.
The killer bee stings you but does no damage.
* * * LOW HITPOINT WARNING * * *
You feel sick. You block the killer bee's attack.
You feel very mighty all of a sudden.
* * * LOW HITPOINT WARNING * * *
You feel sick. The killer bee stings you.
* * * LOW HITPOINT WARNING * * *
You are more poisoned.
The killer bee poisons you! You block the killer bee's attack.
It was a potion of magic.
Magic courses through your body.
You die...

#.###...#
#......รท#
###.##.<# #.##..#
#.....#
####..##.#
#........#
#..##.##.## #.
#.#@..#
#.#..##.y###.#
#........# ...
.....###..###.##.
### #.........#
...............
#.#######.###..
... >...


You could see a killer bee.

Vanquished Creatures
  A killer bee (D:4)
  Crazy Yiuf (D:3)
  A bullfrog skeleton (D:2)
  A worker ant (D:3)
  4 adders
  A worm (D:2)
  3 dart slugs
  2 leopard geckos (D:1)
  8 orcs (D:3)
  2 giant cockroaches
  6 goblins
  9 hobgoblins
  2 quokkas
  5 bats (D:2)
  2 frilled lizards (D:3)
  7 kobolds
  5 rats
60 creatures vanquished.

Notes
Turn   | Place    | Note
-------+----------+-------------------------------------------
     0 | D:1      | Borgoz the Kobold Fighter began the quest for the Orb.
     0 | D:1      | Reached XP level 1. HP: 14/14 MP: 1/1
   132 | D:1      | Reached XP level 2. HP: 15/19 MP: 2/2
   657 | D:1      | Reached XP level 3. HP: 23/23 MP: 3/3
  1218 | D:2      | Found a faded altar of an unknown god.
  1280 | D:2      | Reached XP level 4. HP: 12/29 MP: 4/4
  1799 | D:3      | Reached XP level 5. HP: 26/33 MP: 5/5
  2020 | D:3      | Found a sacrificial altar of Ru.
  2413 | D:3      | Found a runed translucent door.
  2414 | D:3      | Noticed Crazy Yiuf
  2728 | D:3      | Killed Crazy Yiuf
  2928 | D:4      | Reached XP level 6. HP: 38/38 MP: 6/6
  2951 | D:4      | HP: 1/38 [killer bee (6)]
  2952 | D:4      | Succumbed to a killer bee's poison

Levels and vault maps discovered:
D:1:      evilmike_arrival_rings, layout_loops_ring, minivault_14
D:2:      layout_basic, chequers_ecumenical_altar_simple,
          minmay_stone_trees_medium
D:3:      layout_rooms, hangedman_ru_absence, hex_large, uniq_crazy_yiuf_cottage
D:4:      layout_loops_ring, nicolae_overflow_crystal_walls, tso_metal_star,
          overflow_temple_1_default, serial_shops, shop, first_ration,
          uniq_pikel

Skill      XL: |  1  2  3  4  5 |
---------------+----------------+-----
Short Blades   | 3 4 |  4.1
Armour         | 3 |  3.7
Shields        | 3 |  3.6
Fighting       | 4 |  4.1

Action                   |  1- 3 |  4- 6 || total
-------------------------+-------+-------++-------
Melee: Rapier            |    83 |       ||    83
       Dagger            |    20 |   113 ||   133
Evoke: Wand              |       |     2 ||     2
  Use: Scroll            |       |    12 ||    12
       Potion            |       |     2 ||     2
  Eat: Chunk             |    10 |     5 ||    15
Armor: Scale mail        |    32 |    35 ||    67
Dodge: Dodged            |    37 |    29 ||    66
Block: Shield            |    47 |    67 ||   114

Table legend:
 A = Non-vault XP
 B = Vault XP
 C = Vault XP percentage of total XP
 D = Non-vault monster count
 E = Vault monster count
 F = Vault count percentage of total count
                 A         B        C        D         E       F
            +---------+---------+-------+---------+---------+-------
      Total |     295 |      40 |  11.9 |      59 |       1 |   1.7
            +---------+---------+-------+---------+---------+-------
        D:1 |      31 |       0 |   0.0 |      14 |       0 |   0.0
        D:2 |      87 |       0 |   0.0 |      22 |       0 |   0.0
        D:3 |     104 |      40 |  27.8 |      21 |       1 |   4.5
        D:4 |      73 |       0 |   0.0 |       2 |       0 |   0.0
            +---------+---------+-------+---------+---------+-------
